Map: Sandstorm CE

Players

Ryn - Winner!

  • Race: Zerg Zerg
  • Spawn Location: 11:00

Davmaster - Winner!

  • Race: Zerg Zerg
  • Spawn Location: 11:00

A.I. 2 (Hard) - Winner!

  • Race: Zerg Zerg
  • Spawn Location: 11:00

A.I. 3 (Harder)

  • Race: Terran Terran
  • Spawn Location: 3:00

A.I. 4 (Medium)

  • Race: Zerg Zerg
  • Spawn Location: 5:00

A.I. 5 (Hard)

  • Race: Zerg Zerg
  • Spawn Location: 5:00

VOD

Have the link to the VOD?

Description

Time

  • Played on: June 27, 2024, 1:20 a.m.
  • Length: 15:34
Show
View Real Time Build Order
Export as new Build Order

Ryn Zerg - Winner!

Build Orders: Hatch First, Zergling Baneling 

Get SALT Encoding   

  12  0:00  Drone  
  13  0:08  Drone  
  14  0:17  Extractor  
  14  0:18  Drone  
  15  0:48  Hatchery  
  14  0:55  Spawning Pool  
  13  0:59  Drone  
  13  1:02  Extractor  
  13  1:04  Drone  
  13  1:10  Overlord  
  15  1:19  Overlord  
  15  1:23  Extractor  
  15  1:32  Drone  
  15  1:33  Drone  
  16  1:41  Queen  
  16  1:44  Zergling x2  
  20  1:54  Drone  
  20  2:00  Drone  
  21  2:05  Zergling x2  
  22  2:15  Baneling Nest, Drone  
  22  2:17  Drone  
  23  2:27  Drone  
  24  2:30  Drone  
  24  2:32  Drone  
  24  2:35  Queen  
  28  2:38  Zergling x2  
  29  2:51  Zergling x2, Drone  
  30  2:55  Drone  
  32  3:03  Baneling x3  
  32  3:05  Zergling x4  
  33  3:06  Zergling x4  
  36  3:15  Extractor, Drone  
  36  3:17  Lair  
  36  3:35  Overlord  
  36  3:42  Overlord  
  36  3:43  Hatchery  
  36  3:46  Drone  
  36  3:54  Zergling x6  
  39  3:57  Zergling x2  
  40  4:04  Metabolic Boost  
  36  4:17  Zergling x6  
  38  4:29  Drone x2  
  38  4:30  Drone x3  
  43  4:32  Baneling x5  
  43  4:40  Zergling x2  
  43  4:42  Overlord  
  44  4:50  Drone  
  44  4:52  Extractor  
  41  4:57  Centrifugal Hooks  
  41  5:02  Drone, Evolution Chamber  
  41  5:03  Drone  
  41  5:05  Evolution Chamber  
  37  5:14  Drone x5  
  38  5:21  Queen  
  43  5:23  Drone  
  44  5:34  Hydralisk Den  
  44  5:35  Zergling x6  
  43  5:36  Zergling x2  
  43  5:42  Zergling x10  
  49  6:01  Drone  
  49  6:02  Drone x2  
  50  6:13  Hydralisk x2  
  50  6:14  Hydralisk x5  
  50  6:16  Drone  
  65  6:24  Grooved Spines  
  58  6:34  Drone x4  
  62  6:51  Drone x3  
  65  6:55  Extractor  
  65  6:56  Drone  
  65  6:57  Drone  
  65  6:58  Overlord  
  65  6:59  Overlord  
  66  7:02  Extractor  
  66  7:03  Drone  
  66  7:04  Extractor  
  66  7:05  Drone  
  66  7:06  Overlord x2  
  66  7:15  Muscular Augments  
  66  7:17  Zergling x2  
  66  7:18  Zergling x10, Hydralisk x5  
  82  7:28  Zerg Missile Weapons Level 1  
  82  7:35  Zergling x16  
  90  7:39  Hydralisk  
  90  7:40  Hydralisk  
  91  7:59  Zerg Ground Armor Level 1  
  91  8:02  Drone  
  91  8:03  Drone x2  
  94  8:07  Drone x3  
  97  8:26  Hatchery  
  87  8:39  Infestation Pit  
  87  8:41  Drone x5  
  87  8:42  Lurker Den  
  87  8:46  Hydralisk  
  87  8:47  Hydralisk x3  
  98  8:49  Overlord x2  
  98  8:52  Overlord x3  
  94  9:03  Zergling x2  
  94  9:04  Zergling x6  
  98  9:15  Zergling x2  
  98  9:16  Zergling x6  
  102  9:21  Overseer  
  102  9:22  Overlord x9, Zerg Melee Weapons Level 1  
  102  9:32  Hive  
  102  9:34  Drone  
  102  9:35  Hydralisk  
  102  9:36  Zergling x2  
  102  9:37  Zergling x2  
  107  9:40  Baneling  
  107  9:41  Baneling x5  
  107  9:42  Baneling x2  
  107  9:44  Drone  
  108  9:48  Queen  
  110  10:07  Drone  
  110  10:08  Drone  
  110  10:13  Zergling x2  
  110  10:14  Zergling x30, Zerg Missile Weapons Level 2  
  126  10:15  Zergling x2  
  129  10:28  Zergling x2  
  129  10:29  Zergling x4  
  129  10:30  Zergling x6  
  129  10:31  Zergling x2  
  122  10:54  Zergling x2  
  122  10:55  Zergling x8, Hydralisk x7  
  135  11:01  Drone  
  136  11:08  Hydralisk x5  
  146  11:15  Ultralisk Cavern, Zerg Ground Armor Level 2  
  146  11:17  Hydralisk  
  146  11:18  Hydralisk  
  139  11:30  Zergling x4  
  139  11:31  Zergling x14  
  143  11:54  Drone  
  143  11:55  Drone x3  
  143  11:57  Hydralisk x6  
  143  12:00  Adrenal Glands  
  155  12:21  Chitinous Plating  
  154  12:29  Ultralisk x4  
  190  12:30  Ultralisk x2  
  190  12:31  Zergling x2  
  190  12:32  Zergling x6  
  194  12:40  Hydralisk x2  
  197  12:56  Zerg Missile Weapons Level 3  
  197  12:57  Nydus Network  
  192  13:03  Zergling x4  
  192  13:04  Zergling x8  
  198  13:05  Zergling x4  
  198  13:06  Zergling x2  
  195  13:27  Ultralisk  
  194  13:39  Anabolic Synthesis  
  193  13:46  Ultralisk  
  193  13:48  Hydralisk  
  195  14:11  Hydralisk x2  
  197  14:29  Hydralisk  
  198  15:07  Drone  
  198  15:10  Extractor, Drone  
  198  15:11  Extractor, Drone  
  199  15:25  Nydus Canal  
Show
View Real Time Build Order
Export as new Build Order

Davmaster Zerg - Winner!

Build Orders: Hatch First 

Get SALT Encoding   

  12  0:04  Drone  
  13  1:05  Drone  
  13  1:09  Overlord  
  14  1:48  Drone, Hatchery  
  14  1:49  Drone x2  
  16  2:36  Spawning Pool  
  15  2:44  Extractor  
  14  3:02  Drone  
  14  3:03  Drone  
  16  3:14  Drone x2  
  16  3:19  Drone  
  19  3:20  Drone  
  20  3:31  Zergling x2  
  21  3:45  Drone  
  21  3:46  Drone x2  
  24  4:01  Drone  
  25  4:03  Zergling x4  
  25  4:08  Drone  
  28  4:13  Overlord  
  28  4:33  Overlord  
  28  4:40  Drone  
  28  4:41  Drone  
  30  4:47  Overlord  
  30  5:44  Drone x3  
  29  6:09  Zergling x2  
  29  6:10  Zergling x2  
  31  6:27  Zergling x2  
  31  6:28  Zergling x4  
  34  7:36  Queen  
  35  7:59  Zergling x4  
  35  8:00  Zergling x2  
  38  8:40  Zergling x6  
  41  9:13  Hatchery  
  40  10:24  Lair  
  40  11:35  Drone  
  40  11:36  Drone  
  40  11:37  Drone  
  43  12:14  Evolution Chamber  
  42  12:30  Drone  
  42  12:32  Drone  
  42  12:33  Drone  
  45  13:31  Queen  
  47  13:55  Hydralisk Den  
  46  14:07  Queen  
Show
View Real Time Build Order
Export as new Build Order

A.I. 2 (Hard) Zerg - Winner!

Build Orders: 1 Base Baneling Bust, Pool First, Zergling Baneling 

Get SALT Encoding   

  12  0:01  Drone  
  13  0:12  Overlord  
  13  0:16  Drone  
  14  0:30  Drone  
  14  0:31  Drone  
  16  0:44  Spawning Pool  
  16  0:45  Drone  
  16  0:50  Drone  
  16  0:54  Extractor  
  16  0:55  Drone  
  17  1:06  Overlord  
  17  1:31  Zergling x2  
  17  1:32  Queen  
  18  1:34  Zergling x2  
  18  1:38  Drone  
  22  1:43  Roach Warren  
  22  1:45  Extractor  
  20  1:49  Drone  
  21  1:59  Drone  
  22  2:04  Baneling Nest  
  21  2:10  Drone  
  22  2:21  Zergling x2  
  23  2:32  Drone  
  24  2:40  Overlord, Zergling x2  
  26  2:44  Zergling x2  
  26  2:47  Drone  
  26  2:48  Baneling x2  
  27  2:54  Zergling x2  
  27  2:58  Baneling  
  28  3:04  Baneling  
  28  3:05  Zergling x2  
  29  3:11  Zergling x2  
  30  3:15  Zergling x2  
  30  3:18  Zergling x2  
  30  3:19  Overlord  
  32  3:27  Zergling x2  
  33  3:38  Zergling x2  
  34  3:42  Baneling x3  
  34  3:43  Baneling, Zergling x2  
  34  3:46  Zergling x2  
  36  3:50  Zergling x2, Drone  
  36  3:54  Baneling  
  38  4:01  Zergling x2  
  39  4:05  Evolution Chamber  
  38  4:11  Drone  
  38  4:15  Drone  
  38  4:16  Overlord  
  40  4:19  Drone  
  40  4:23  Drone  
  42  4:34  Drone  
  43  4:45  Drone  
  44  5:52  Roach, Overlord, Metabolic Boost  
  44  5:54  Zerg Melee Weapons Level 1  
  44  5:55  Evolution Chamber  
  44  5:56  Drone  
  46  6:01  Roach  
  46  6:02  Hatchery  
  47  6:08  Drone  
  47  6:10  Lair  
  47  6:11  Roach  
  50  6:20  Roach, Zerg Missile Weapons Level 1  
  52  6:29  Roach  
  38  6:54  Zergling x2  
  39  7:03  Roach  
  39  7:08  Burrow  
  41  7:09  Hydralisk Den  
  41  7:12  Roach  
  41  7:15  Drone  
  43  7:18  Drone  
  43  7:19  Drone  
  43  7:21  Drone  
  43  7:22  Roach  
  48  7:25  Drone  
  48  7:26  Drone  
  48  7:27  Drone  
  48  7:29  Drone  
  52  7:31  Roach  
  52  7:35  Drone  
  55  7:40  Drone  
  56  7:46  Drone  
  56  7:48  Zerg Ground Armor Level 1  
  56  7:50  Drone  
  57  7:56  Overlord  
  57  7:57  Hydralisk, Drone  
  60  8:02  Drone  
  61  8:07  Zergling x2  
  61  8:08  Drone  
  64  8:12  Drone  
  64  8:15  Overseer  
  64  8:17  Overseer  
  64  8:18  Drone  
  65  8:23  Drone  
  65  8:24  Spore Crawler  
  65  8:28  Hydralisk  
  65  8:29  Drone, Overlord, Spore Crawler  
  65  8:31  Drone  
  68  8:36  Spore Crawler  
  68  8:38  Roach  
  68  8:39  Spore Crawler  
  68  8:41  Queen  
  68  8:47  Hydralisk, Queen  
  74  8:51  Overlord  
  74  8:56  Hydralisk  
  74  8:57  Spine Crawler  
  74  9:02  Spine Crawler, Drone  
  75  9:06  Spine Crawler  
  75  9:07  Drone  
  75  9:11  Spine Crawler  
  75  9:12  Drone  
  75  9:18  Infestation Pit  
  75  9:20  Drone  
  75  9:26  Spire  
  75  9:28  Drone  
  75  9:59  Extractor  
  74  10:03  Extractor  
  74  10:04  Drone  
  74  10:22  Drone  
  74  10:26  Drone  
  74  10:27  Pneumatized Carapace  
  79  10:29  Overseer  
  79  10:30  Drone, Overlord, Zerg Melee Weapons Level 2  
  83  10:36  Glial Reconstitution  
  83  10:42  Hatchery  
  82  10:43  Drone  
  82  10:47  Zerg Flyer Weapons Level 1  
  83  10:52  Zerg Ground Armor Level 2  
  83  11:06  Roach  
  83  11:14  Zergling x2  
  83  11:15  Hive  
  79  11:46  Overseer  
  79  11:55  Drone  
  79  11:56  Drone  
  79  11:57  Queen  
  79  11:59  Drone  
  79  12:00  Drone  
  85  12:02  Drone  
  85  12:04  Drone, Overlord  
  85  12:06  Drone  
  85  12:08  Drone  
  89  12:10  Drone, Extractor  
  89  12:12  Drone  
  89  12:14  Drone  
  91  12:15  Drone  
  91  12:17  Drone  
  91  12:18  Drone  
  91  12:20  Drone, Spore Crawler  
  91  12:22  Drone, Overlord  
  95  12:25  Drone  
  95  12:26  Overseer, Hydralisk, Spore Crawler  
  95  12:27  Drone  
  94  12:30  Roach, Extractor  
  94  12:31  Drone  
  94  12:32  Ultralisk Cavern  
  87  12:41  Zerg Flyer Armor Level 1  
  87  12:43  Roach  
  85  12:46  Zerg Missile Weapons Level 2  
  85  12:48  Roach  
  81  12:52  Roach  
  81  12:56  Hydralisk  
  81  13:01  Hydralisk  
  83  13:07  Roach  
  83  13:10  Drone  
  83  13:11  Roach  
  88  13:13  Overlord  
  88  13:15  Drone  
  88  13:16  Roach  
  88  13:17  Drone  
  88  13:19  Drone  
  93  13:21  Roach  
  93  13:25  Hydralisk  
  93  13:26  Spine Crawler  
  96  13:28  Drone  
  96  13:29  Hydralisk  
  96  13:31  Spine Crawler  
  96  13:33  Drone  
  99  13:38  Corruptor  
  99  13:39  Overlord  
  101  13:50  Infestor  
  103  13:59  Overlord  
  103  14:18  Overlord  
  103  14:23  Corruptor  
  105  14:30  Corruptor  
  107  14:38  Infestor  
  109  15:02  Zergling x2  
  109  15:08  Overlord  
  109  15:09  Overseer  
Show
View Real Time Build Order
Export as new Build Order

A.I. 3 (Harder) Terran 

Build Orders:  

Get SALT Encoding   

  12  0:01  SCV  
  13  0:13  SCV  
  14  0:19  Supply Depot  
  14  0:25  SCV  
  15  0:41  SCV  
  16  0:43  Barracks  
  16  0:50  Refinery  
  16  0:53  SCV  
  17  1:05  SCV  
  18  1:17  SCV  
  19  1:21  Supply Depot  
  19  1:30  SCV, Marine  
  21  1:41  Barracks  
  21  1:43  Orbital Command  
  21  1:49  Refinery, Barracks Tech Lab  
  21  2:07  Supply Depot  
  21  2:08  Marine  
  22  2:25  Marine  
  22  2:28  Marine  
  24  2:43  Marine  
  25  2:46  Marine  
  25  2:47  Supply Depot  
  26  3:01  SCV, Marine  
  26  3:03  Marine  
  29  3:13  Engineering Bay, SCV  
  29  3:19  Marine  
  31  3:24  Supply Depot  
  31  3:25  SCV  
  32  3:37  SCV, Marauder  
  35  3:49  SCV  
  36  3:59  Marauder  
  36  4:01  SCV  
  39  4:07  Marine  
  37  4:20  Marauder  
  39  4:25  Marine  
  40  4:41  Marauder  
  40  4:43  Marine  
  43  4:48  Stimpack  
  43  4:49  Factory  
  43  4:51  Factory  
  43  5:02  Barracks Tech Lab  
  43  5:03  Marauder  
  40  5:18  Terran Infantry Weapons Level 1  
  40  5:20  Concussive Shells  
  40  5:24  Marine  
  40  5:26  Marine  
  39  5:36  Starport  
  39  5:41  Starport, Marine  
  39  5:42  Factory Tech Lab x2  
  40  5:44  Marine  
  40  5:45  Command Center  
  41  5:59  Marine  
  41  6:02  Marine, Combat Shield  
  39  6:10  Siege Tank  
  40  6:14  Starport Tech Lab  
  40  6:17  Starport Tech Lab  
  40  6:19  Marauder  
  40  6:23  Missile Turret  
  42  6:27  Marauder  
  42  6:29  Missile Turret  
  44  6:34  Supply Depot, Siege Tank  
  47  6:43  Siege Tank  
  50  6:50  Marine, Bunker  
  51  6:57  SCV  
  51  6:58  SCV  
  53  7:06  Cyclone  
  53  7:07  Refinery  
  55  7:09  SCV  
  55  7:10  SCV, Missile Turret  
  55  7:11  Raven  
  55  7:12  Terran Infantry Armor Level 1  
  55  7:13  Missile Turret  
  55  7:15  Refinery  
  59  7:21  SCV  
  60  7:23  SCV  
  61  7:33  Bunker, SCV  
  61  7:35  SCV  
  63  7:38  Raven  
  65  7:45  SCV  
  65  7:47  SCV  
  67  7:52  Sensor Tower  
  67  7:57  SCV  
  67  7:58  Armory  
  68  7:59  SCV  
  69  8:10  SCV  
  70  8:16  SCV  
  70  8:17  Barracks  
  70  8:19  Supply Depot  
  71  8:22  SCV  
  72  8:28  SCV  
  72  8:29  Cyclone  
  72  8:34  SCV  
  63  8:37  Marine  
  55  8:45  Marine  
  55  8:46  SCV  
  57  8:48  SCV  
  57  8:55  Marine  
  59  8:58  Siege Tank  
  59  8:59  SCV  
  59  9:00  Factory  
  63  9:10  Command Center  
  63  9:13  Barracks Reactor  
  63  9:21  Siege Tank  
  66  9:31  Starport  
  65  9:38  Thor  
  65  9:42  Medivac  
  65  9:44  Factory Tech Lab  
  65  9:45  Medivac  
  75  9:55  Supply Depot  
  75  9:57  Marine  
  76  10:04  Marine  
  76  10:07  Medivac  
  79  10:10  Marine  
  79  10:13  Raven  
  82  10:17  Marine  
  82  10:18  Supply Depot  
  83  10:24  Siege Tank  
  86  10:30  Siege Tank  
  86  10:35  Refinery  
  89  10:37  Starport Reactor, Siege Tank  
  90  10:43  Refinery  
  90  10:45  Marine  
  90  10:49  Viking  
  82  10:56  Marine  
  60  11:01  Raven  
  60  11:02  Marine  
  60  11:04  Command Center  
  61  11:09  Marine  
  59  11:16  Siege Tank  
  52  11:22  Marine  
  49  11:36  SCV  
  44  11:40  Marine  
  44  11:44  Marine  
  37  11:49  SCV  
  37  11:51  SCV  
  33  11:54  Marine  
  33  11:58  Marine  
  28  12:03  Marine  
  25  12:08  Marine  
  25  12:09  Viking  
  25  12:10  Hellion  
  21  12:57  SCV  
  18  13:02  SCV  
  18  13:04  SCV  
  18  13:05  Command Center  
  20  13:09  SCV  
  18  13:42  SCV  
  18  13:44  SCV  
  19  13:53  SCV  
  18  13:56  SCV  
  17  14:10  SCV  
  17  14:13  SCV, Command Center  
  18  14:25  SCV, Marine x2  
  18  14:26  Marine x2  
  24  14:32  Viking x3  
  24  14:33  Hellion  
  32  14:41  SCV  
  32  14:43  Marine  
  33  14:46  Command Center, SCV  
Show
View Real Time Build Order
Export as new Build Order

A.I. 4 (Medium) Zerg 

Build Orders: 1 Base Baneling Bust, Pool First 

Get SALT Encoding   

  12  0:01  Drone  
  13  0:12  Overlord  
  13  0:17  Drone  
  14  0:30  Drone  
  14  0:33  Drone  
  16  0:43  Spawning Pool  
  16  0:45  Drone  
  16  0:50  Drone  
  16  0:53  Extractor  
  16  0:55  Drone  
  17  1:06  Overlord  
  17  1:31  Queen, Zergling x2  
  20  1:38  Drone, Roach Warren  
  20  1:40  Extractor  
  19  1:47  Zergling x2  
  19  1:49  Drone  
  21  2:00  Drone  
  22  2:10  Overlord  
  22  2:21  Roach  
  24  2:36  Overlord  
  24  2:37  Roach  
  26  2:54  Roach  
  28  3:01  Drone  
  28  3:05  Drone  
  30  3:10  Roach  
  32  3:14  Overlord  
  32  3:18  Drone  
  33  3:22  Drone  
  33  3:26  Drone  
  35  3:32  Drone  
  36  3:40  Baneling Nest  
  36  3:41  Drone, Roach  
  36  3:48  Evolution Chamber  
  37  3:49  Drone  
  38  3:58  Roach  
  40  4:14  Roach  
  42  4:31  Roach  
  44  6:38  Lair  
  44  6:39  Drone, Overlord  
  45  6:43  Spore Crawler  
  43  6:47  Spore Crawler, Drone, Hatchery  
  43  6:50  Drone  
  43  6:51  Evolution Chamber  
  43  6:53  Drone  
  43  6:57  Drone  
  44  7:11  Spine Crawler  
  44  7:14  Spine Crawler  
  44  7:15  Drone  
  43  7:36  Queen  
  45  7:37  Overseer x2  
  45  7:39  Infestation Pit  
  45  7:41  Hydralisk Den  
  45  7:42  Spire  
  45  7:43  Drone  
  43  7:45  Zergling x2  
  37  7:57  Roach  
  29  8:00  Drone, Queen  
  29  8:03  Drone  
  33  8:05  Extractor  
  33  8:06  Drone  
  33  8:09  Drone  
  33  8:10  Roach  
  33  8:12  Drone  
  37  8:13  Spore Crawler  
  37  8:15  Drone  
  37  8:18  Drone  
  38  8:20  Drone  
  38  8:22  Roach  
  38  8:23  Drone  
  38  8:26  Spore Crawler, Drone  
  42  8:28  Extractor  
  42  8:30  Drone  
  42  8:33  Drone  
  43  8:34  Roach  
  43  8:36  Drone  
  43  8:39  Drone  
  47  8:42  Drone  
  47  8:44  Overlord  
  47  8:45  Drone  
  47  8:46  Roach  
  51  8:50  Drone  
  51  8:51  Spine Crawler  
  51  8:55  Drone, Spine Crawler  
  51  8:58  Drone  
  51  8:59  Roach  
  51  9:01  Drone  
  55  9:04  Drone  
  55  9:07  Drone  
  57  9:10  Hydralisk, Drone  
  57  9:14  Drone  
  57  9:16  Overlord  
  61  9:19  Drone  
  62  9:25  Hydralisk, Drone  
  62  9:28  Drone  
  67  9:31  Drone  
  67  9:34  Drone  
  67  9:37  Overseer, Hydralisk  
  70  9:38  Drone  
  70  9:39  Overlord  
  71  9:49  Hydralisk  
  73  10:32  Zergling x2  
  73  11:13  Corruptor  
  73  11:14  Overlord  
  73  11:16  Overseer, Pneumatized Carapace  
  74  11:24  Infestor  
  56  11:36  Corruptor  
  58  11:43  Overseer  
  58  11:44  Hydralisk  
  58  11:46  Overlord  
  57  11:51  Overlord  
  57  11:53  Overlord  
  50  12:00  Burrow  
  45  12:03  Infestation Pit  
  42  12:09  Hydralisk  
  42  12:10  Overseer  
  42  12:14  Overlord  
  42  12:22  Spawning Pool  
  42  12:23  Hatchery  
  42  12:28  Evolution Chamber  
  40  12:31  Overlord  
  31  12:50  Overlord  
  23  12:51  Drone  
  23  12:52  Infestor  
  23  12:54  Evolution Chamber  
  23  12:55  Drone  
  23  12:58  Drone  
  22  13:01  Drone  
  12  13:13  Drone  
  12  13:16  Drone x2  
  5  13:29  Overlord  
  3  13:35  Drone  
  3  13:36  Drone  
  3  13:37  Drone  
  3  13:38  Spawning Pool  
  5  13:43  Drone  
  4  13:55  Overlord  
  2  13:58  Drone  
  1  14:13  Drone  
  2  14:18  Spawning Pool  
  2  14:19  Drone  
Show
View Real Time Build Order
Export as new Build Order

A.I. 5 (Hard) Zerg 

Build Orders: 1 Base Baneling Bust, Pool First, Zergling Baneling 

Get SALT Encoding   

  12  0:01  Drone  
  13  0:12  Overlord  
  13  0:17  Drone  
  14  0:30  Drone  
  14  0:31  Drone  
  16  0:42  Spawning Pool  
  15  0:45  Drone  
  15  0:49  Drone  
  17  0:51  Extractor  
  17  0:55  Drone  
  17  1:05  Overlord  
  17  1:29  Queen  
  17  1:31  Zergling x2  
  20  1:34  Zergling x2  
  20  1:38  Roach Warren, Drone  
  21  1:43  Extractor  
  20  1:49  Drone  
  21  1:56  Baneling Nest  
  21  2:00  Drone  
  21  2:10  Drone  
  22  2:21  Zergling x2  
  23  2:32  Drone  
  23  2:36  Overlord, Zergling x2  
  25  2:40  Zergling x2  
  27  2:44  Zergling x2  
  27  2:48  Baneling x4  
  27  2:54  Drone  
  28  3:05  Zergling x2  
  29  3:08  Overlord, Zergling x2  
  29  3:12  Zergling x2  
  31  3:18  Zergling x2  
  32  3:28  Zergling x2  
  32  3:32  Baneling  
  33  3:36  Baneling  
  33  3:39  Baneling, Zergling x2  
  34  3:43  Zergling x2  
  34  3:47  Zergling x2  
  36  3:49  Evolution Chamber  
  36  3:50  Drone, Baneling  
  36  3:51  Baneling  
  36  4:01  Zergling x2  
  37  4:11  Drone, Zergling x2, Overlord  
  37  4:13  Drone  
  40  4:23  Drone  
  41  4:34  Drone  
  42  4:43  Drone  
  42  4:44  Drone  
  44  5:51  Roach, Overlord  
  44  5:52  Metabolic Boost  
  44  5:53  Zerg Melee Weapons Level 1  
  44  5:54  Burrow, Evolution Chamber  
  45  5:58  Hatchery  
  45  6:02  Roach  
  46  6:13  Roach  
  46  6:17  Drone  
  49  6:20  Zerg Missile Weapons Level 1  
  49  6:24  Roach  
  35  6:35  Ravager x2  
  35  6:36  Zergling x2  
  38  6:46  Roach  
  40  6:57  Roach  
  42  7:05  Lair  
  42  7:08  Ravager  
  42  7:11  Drone, Roach  
  42  7:12  Drone  
  47  7:16  Drone, Extractor  
  47  7:17  Drone  
  47  7:19  Drone  
  47  7:20  Spore Crawler, Extractor  
  47  7:21  Drone  
  47  7:22  Drone  
  49  7:23  Spore Crawler  
  49  7:26  Drone  
  49  7:28  Drone  
  50  7:30  Drone  
  50  7:33  Drone  
  50  7:36  Drone  
  53  7:39  Drone  
  53  7:42  Drone  
  55  7:47  Zerg Ground Armor Level 1  
  55  7:49  Overlord  
  55  7:53  Drone  
  55  7:55  Drone  
  55  7:56  Drone  
  55  7:58  Drone  
  59  8:01  Drone  
  59  8:04  Drone  
  59  8:05  Overseer  
  61  8:06  Hydralisk Den  
  61  8:12  Drone  
  61  8:14  Overseer  
  61  8:15  Drone  
  62  8:22  Overlord  
  62  8:25  Drone  
  63  8:27  Drone  
  63  8:29  Drone, Spine Crawler  
  63  8:30  Drone  
  65  8:34  Drone  
  65  8:36  Drone  
  67  8:44  Spine Crawler  
  67  8:45  Drone  
  67  8:47  Drone  
  68  8:50  Spore Crawler  
  68  8:54  Spore Crawler  
  62  8:56  Drone  
  62  8:57  Hydralisk  
  62  8:58  Drone  
  52  9:08  Roach  
  54  9:12  Queen  
  54  9:17  Queen  
  56  9:19  Roach  
  56  9:22  Spine Crawler  
  59  9:27  Spine Crawler  
  59  9:30  Roach  
  60  9:38  Spire  
  60  9:40  Drone  
  60  9:41  Roach  
  60  9:45  Infestation Pit  
  61  9:51  Hydralisk  
  63  10:02  Hydralisk  
  65  10:13  Hydralisk  
  67  10:19  Pneumatized Carapace  
  67  10:21  Overlord  
  67  10:22  Overseer  
  67  10:25  Infestor  
  69  10:33  Hatchery  
  68  10:39  Zergling x2  
  57  10:48  Overseer  
  57  10:50  Corruptor  
  59  11:02  Corruptor  
  59  11:03  Hive  
  61  11:04  Zerg Melee Weapons Level 2  
  58  11:12  Overlord  
  58  11:13  Overseer  
  58  11:14  Infestor  
  56  11:26  Zergling x2  
  57  11:39  Infestor  
  59  11:40  Zerg Ground Armor Level 2  
  57  11:48  Overseer  
  57  11:51  Corruptor  
  57  12:00  Drone  
  55  12:04  Zergling x2  
  55  12:07  Overlord  
  55  12:08  Hydralisk  
  56  12:12  Zergling x2  
  56  12:14  Overlord  
  56  12:15  Overseer  
  59  12:17  Greater Spire, Overseer  
  59  12:18  Overlord  
  59  12:21  Drone  
  59  12:27  Drone  
  52  12:32  Drone  
  52  12:33  Roach  
  52  12:36  Overlord, Hydralisk  
  55  12:40  Hydralisk  
  55  12:41  Drone  
  55  12:44  Drone x3  
  55  12:45  Zergling x2  
  55  12:48  Hydralisk  
  57  12:54  Hydralisk  
  57  12:56  Overlord  
  57  12:58  Hydralisk  
  52  13:02  Zergling x2  
  53  13:06  Roach  
  53  13:09  Extractor  
  53  13:10  Roach  
  53  13:11  Overseer  
  56  13:13  Hydralisk  
  56  13:16  Overlord  
  56  13:18  Zergling x2  
  56  13:20  Queen  
  56  13:22  Hatchery, Roach  
  56  13:26  Mutalisk  
  52  13:29  Drone  
  52  13:30  Zergling x2  
  52  13:34  Hydralisk  
  43  13:38  Roach  
  29  13:42  Roach  
  31  13:49  Zergling x2  
  31  13:51  Drone  
  31  13:54  Hatchery  
  29  13:59  Drone  
  29  14:01  Brood Lord, Drone  
  29  14:04  Drone  
  29  14:08  Corruptor  
  16  14:27  Drone x3  
Tags
 
Add a new tag
Caveats
  • Supply blocks, unpowered buildings, or Contaminate may cause inaccurate times.
  • Supply counts are checked every 10 seconds.